 Dungeon Crawl Stone Soup version 0.16-a0-3476-g5f3739d (webtiles) character file.

56 avis the Charlatan (level 4, 0/25 HPs)
             Began as a Kobold Artificer on Jan 2, 2015.
             Succumbed to an adder's poison
             ... on level 1 of the Dungeon.
             The game lasted 00:10:25 (1610 turns).

avis the Charlatan (Kobold Artificer)               Turns: 1610, Time: 00:10:25

Health: 0/25       AC:  4    Str:  9    XL:     4   Next: 15%
Magic:  8/8        EV: 19    Int: 10    God:
Gold:   63         SH:  5    Dex: 22    Spells: 0 memorised, 3 levels left

rFire  . . .     SeeInvis .     a - +0 dagger (speed)
rCold  . . .     Clarity  .     e - +0 leather armour
rNeg   . . .     SustAb   .     l - +0 buckler
rPois  .         Gourm    .     (no helmet)
rElec  .         Spirit   .     (no cloak)
rCorr  .         Warding  .     m - +0 pair of gloves
rMut   .         Stasis   .     (no boots)
MR     .....                    (no amulet)
Stlth  +++.......               (no ring)
                                (no ring)

@: agile, lethally poisoned, not resistant to hostile enchantments, fairly
stealthy
A: carnivore 3, spit poison 1
a: Spit Poison


You were on level 1 of the Dungeon.
You were completely stuffed.

You visited 1 branch of the dungeon, and saw 2 of its levels.

You collected 63 gold pieces.

Inventory:

Hand weapons
 a - a +0 dagger of speed (weapon)
 i - a +0 hunting sling
 k - a +0 short sword
Missiles
 j - 26 stones (quivered)
 n - 50 arrows
 p - 24 sling bullets
Armour
 e - a +0 leather armour (worn)
 l - a +0 buckler (worn)
 m - a +0 pair of gloves (worn)
 s - a +0 plate armour
Magical devices
 b - a wand of flame (12)
 c - a wand of enslavement (15)
 d - a wand of random effects (3)
Scrolls
 g - a scroll of recharging {unknown}
 h - 3 scrolls of identify {unknown}
 r - a scroll of blinking {unknown}
Comestibles
 f - 2 meat rations
 t - 4 chunks of flesh


   Skills:
 - Level 1.1 Fighting
 - Level 1.3 Short Blades
 - Level 2.4 Dodging
 - Level 1.3 Stealth
 * Level 6.0 Evocations


You had 3 spell levels left.
You didn't know any spells.

Dungeon Overview and Level Annotations

Branches:
Dungeon (2/15)

Altars:


Innate Abilities, Weirdness & Mutations

You are small and have problems with some larger weapons.
You are carnivorous and can eat meat at any time.
You can spit poison.


Message History

Drink which item? (? for menu, Esc to quit)
It was a potion of beneficial mutation.
There is a nasty taste in your mouth for a moment.
You feel fantastic!
* * * LOW HITPOINT WARNING * * *
You feel sick.
* * * LOW HITPOINT WARNING * * *
You feel sick.
* * * LOW HITPOINT WARNING * * *
You feel sick.
You aren't carrying any potions.
* * * LOW HITPOINT WARNING * * *
You feel sick.
There is a stone staircase leading up here.
Magic restored.
* * * LOW HITPOINT WARNING * * *
You feel sick.
You climb upwards.
There is a stone staircase leading down here.
You die...

## #.# ##...## #.# .# #.#
#####.## #.### .# #.# #.....#
#.... #########.## ##.###.#
#.##. .##........###..###.#
#.### ..).>.).......#..##.# #.#
.##.#.#....#.###....# #.#
....#...##....#..##.# #.#
....##.#######.#@##.#########.##
##..........##.#.##............#
#.###.####.##.#.############..#
#.# #.# ##.##.#.# #..## #.#
#.###...#.#.# #....
#.###.........#.# ##.##
#.....###...###.## #.#
#................# #.#
#.#........#####.# ##.##


There were no monsters in sight!

Vanquished Creatures
  An adder (D:2)
  A worm (D:2)
  An ooze (D:1)
  6 bats
  4 giant cockroaches
  3 goblins (D:1)
  5 hobgoblins (D:1)
  4 kobolds (D:1)
  A ball python (D:1)
  2 giant newts
  4 jackals (D:1)
  5 rats (D:1)
37 creatures vanquished.

Vanquished Creatures (collateral kills)
  A kobold (D:1)
1 creature vanquished.

Grand Total: 38 creatures vanquished

Notes
Turn   | Place    | Note
--------------------------------------------------------------
     0 | D:1      | avis, the Kobold Artificer, began the quest for the Orb.
     0 | D:1      | Reached XP level 1. HP: 12/12 MP: 1/1
    94 | D:1      | Reached skill level 4 in Evocations
   199 | D:1      | Reached XP level 2. HP: 16/16 MP: 3/3
   582 | D:1      | Reached skill level 5 in Evocations
   582 | D:1      | Reached XP level 3. HP: 18/20 MP: 5/5
  1589 | D:2      | Reached skill level 6 in Evocations
  1589 | D:2      | Reached XP level 4. HP: 7/25 MP: 6/8
  1594 | D:2      | Gained mutation: You can spit poison. [potion of beneficial mutation]
  1603 | D:2      | HP: 1/25 [poisoned by an adder]
  1610 | D:1      | Succumbed to an adder's poison

Action                   |  1- 3 |  4- 6 || total
-------------------------+-------+-------++-------
Melee: Short sword       |    11 |       ||    11
       Dagger            |   216 |       ||   216
Evoke: Wand              |    14 |     1 ||    15
  Use: Potion            |       |     2 ||     2
 Stab: Paralysed         |     2 |       ||     2
       Sleeping          |     2 |       ||     2
       Distracted        |     1 |       ||     1
  Eat: Chunk             |    11 |       ||    11
